 Dungeon Crawl Stone Soup version 0.30-a0-862-g1aabd4f9c5 (webtiles) character file.

Game seed: 4461068693940652680

28 demibob the Covered (level 3, -1/26 HPs)
             Began as a Hill Orc Wanderer on Mar 8, 2023.
             Slain by a worm (8 damage)
             ... on level 1 of the Dungeon.
             The game lasted 00:00:55 (584 turns).

demibob the Covered (Hill Orc Wanderer)              Turns: 584, Time: 00:00:56

Health: -1/26      AC:  5    Str: 13    XL:     3   Next: 14%
Magic:  4/4        EV: 10    Int: 15    God:
Gold:   69         SH:  0    Dex: 10    Spells: 3/4 levels left

rFire   . . .      SeeInvis .    a - +0 quarterstaff
rCold   . . .      Faith    .    (shield currently unavailable)
rNeg    . . .      Spirit   .    b - +0 ring mail
rPois   .          Reflect  .    (no helmet)
rElec   .          Rampage  .    (no cloak)
rCorr   .                        (no gloves)
Will    .....                    (no boots) Stlth
                                 (no amulet)
HPRegen 0.24/turn                (no ring)
MPRegen 0.09/turn                (no ring)

@: no status effects
A: no striking features
a: no special abilities


You were on level 1 of the Dungeon.
You visited 1 branch of the dungeon, and saw 2 of its levels.

You collected 69 gold pieces.


   Skills:
 + Level 2.7 Staves
 - Level 3.2 Armour
 - Level 1.0 Dodging
 - Level 1.0 Spellcasting
 - Level 2.4 Air Magic
 - Level 1.2 Invocations


You had 3 spell levels left.
You knew the following spells:

 Your Spells              Type           Power      Damage    Failure   Level
z - Shock                 Conj/Air       16%        1d4       30%         1

Your spell library contained the following spells:

 Spells                   Type           Power      Damage    Failure   Level
 Poisonous Vapours        Pois/Air       8%         N/A       43%         2
 Mephitic Cloud           Conj/Pois/Air  3%         N/A       73%         3

Inventory:

Hand Weapons
 a - a +0 quarterstaff (weapon)
Armour
 b - a +0 ring mail (worn)
Scrolls
 c - 2 scrolls of fear
 d - a scroll of immolation {unknown}
 e - a scroll of amnesia {unknown}
 f - a scroll of vulnerability {unknown}
Potions
 g - a potion of curing {unknown}

Dungeon Overview and Level Annotations

Branches:
Dungeon (2/15)

Altars:

#..# #.# #.# #..# #.# #.#
#..# #.# #.# #..# ##### #.#
#.# #..###...###.#######.#
..........##.........#
..##.......#.#########
.........†...####### .
..##.....†.#....@wJ# ...
..###.....########.####[.>.^
.........## #........^.
#.......... .......S..#.....
####################### ...
.


You could see a worm and an endoplasm.


Message History

The endoplasm attacks as you move away!
The endoplasm hits you but does no damage.
The endoplasm attacks as you move away!
The endoplasm hits you but does no damage.
You hit the endoplasm.
The endoplasm is heavily wounded.
The endoplasm jiggles.
The endoplasm hits you but does no damage.
You sock the endoplasm!
You kill the endoplasm!
You hit the ball python.
You kill the ball python!
You see here a ball python corpse.
You thump the worm!
The worm is moderately wounded.
The worm bites you!
* * * LOW HITPOINT WARNING * * *
You hit the worm.
The worm is severely wounded.
The worm barely misses you.
You hit the worm.
The worm is severely wounded.
You barely miss the worm.
The worm is severely wounded.
The worm bites you.
* * * LOW HITPOINT WARNING * * *
You hit the worm.
The worm is almost dead.
The worm bites you!
You die...

Skill      XL: |  1  2 |
---------------+-------+-----
Staves         | 2 |  2.7
Armour         | |  3.2
Dodging        | |  1.0
Spellcasting   | |  1.0
Air Magic      | |  2.4
Invocations    | |  1.2

Action                     || total
---------------------------++-------
  Melee: Quarterstaff      ||    74
 Armour: Ring mail         ||    38
  Dodge: Dodged            ||    46

Levels and vault maps discovered:
D:1:      dpeg_arrival_snail, layout_loops_ring, nicolae_wormholes
D:2:      layout_basic, minmay_misc_feat_rugged, minmay_gold_behind_fungi,
          serial_bayou_pond_e

Notes
Turn   | Place    | Note
-------+----------+-------------------------------------------
     0 | D:1      | demibob the Hill Orc Wanderer began the quest for the Orb.
     0 | D:1      | demibob set off with the following items: a +0
                  | quarterstaff, a +0 ring mail, a scroll of fear; and the
                  | following spell memorised: Shock; and the following spells
                  | available to memorise: Poisonous Vapours, Mephitic Cloud.
     0 | D:1      | Reached XP level 1. HP: 14/14 MP: 2/2
    34 | D:1      | You fall into a shaft and drop 1 floor!
   162 | D:1      | Reached XP level 2. HP: 13/20 MP: 3/3
   337 | D:1      | Reached skill level 2 in Staves
   524 | D:1      | Reached XP level 3. HP: 26/26 MP: 4/4
   584 | D:1      | Slain by a worm

Vanquished Creatures
  6 ball pythons
  2 endoplasms (D:1)
  A giant cockroach (D:1)
  2 goblins (D:1)
  A hobgoblin (D:1)
  2 jackals (D:1)
  A quokka (D:1)
  3 bats (D:1)
  A frilled lizard (D:1)
  3 kobolds (D:1)
  3 rats
25 creatures vanquished.

Vanquished Creatures (others)
  A fungus (D:2)
1 creature vanquished.

Grand Total: 26 creatures vanquished

Table legend: (Time is in decaauts)
 A = Elapsed time spent in this place.
 B = Non-inter-level travel time spent in this place.
 C = Inter-level travel time spent in this place.
 D = Time resting spent in this place.
 E = Time spent auto-exploring this place.
 F = Levels seen in this place.
 G = Mean time per level.
                   A        B        C        D        E       F      G
               +--------+--------+--------+--------+--------+-----+--------+
         Total |    597 |    588 |      9 |      0 |    430 |   2 |  298.5 |
       Dungeon |    597 |    588 |      9 |      0 |    430 |   2 |  298.5 |
               +--------+--------+--------+--------+--------+-----+--------+

Top non-repeatable levels by time:
     D:1: 568 daAuts
     D:2: 28 daAuts

Table legend:
 A = Non-vault XP
 B = Vault XP
 C = Vault XP percentage of total XP
 D = Non-vault monster count
 E = Vault monster count
 F = Vault count percentage of total count
                 A         B        C        D         E       F
            +---------+---------+-------+---------+---------+-------
      Total |      41 |       0 |   0.0 |      25 |       0 |   0.0
            +---------+---------+-------+---------+---------+-------
        D:1 |      38 |       0 |   0.0 |      23 |       0 |   0.0
        D:2 |       3 |       0 |   0.0 |       2 |       0 |   0.0
            +---------+---------+-------+---------+---------+-------
